 Dungeon Crawl Stone Soup version 0.30-a0-996-ga6910c8ee8 (webtiles) character file.

Game seed: 15112945024998709354

84364 mandoloar the Martial Artist (level 15, -10/129 HPs)
             Began as an Octopode Transmuter on Apr 4, 2023.
             Was an Initiate of Gozag.
             Killed by Lee's Rapid Deconstruction
             ... invoked by Jorgrun
              (40 damage)
             ... on level 2 of the Orcish Mines.
             The game lasted 01:41:49 (34826 turns).

mandoloar the Martial Artist (Octopode Transmuter) Turns: 34826, Time: 01:41:50

Health: -10/129    AC: 19    Str: 12    XL:     15   Next: 80%
Magic:  0/28       EV: 28    Int: 22    God:    Gozag
Gold:   4650       SH:  0    Dex: 16    Spells: 26/33 levels left

rFire   x . .      SeeInvis .    b - melded +27 heavy crossbow "Sniper" {heavy, Acc+∞ SInv}
rCold   + + +      Faith    .    (shield currently unavailable)
rNeg    + . .      Spirit   +    (helmet currently unavailable)
rPois   +          Reflect  .    j - amulet of guardian spirit
rElec   .          Rampage  .    g - +5 ring of evasion
rCorr   .                        s - ring of flight
Will    +....                    i - +5 ring of evasion
Stlth   +++++                    y - +4 ring of protection
HPRegen 0.41/turn                Q - +5 ring of evasion
MPRegen 0.21/turn                S - ring of Udikkeh {rN+ Str+2 Dex+3 Stlth+}
                                 U - ring of wizardry
                                 V - +4 ring of protection

@: ice-form, wereblooded, grasped by roots, flying, constricted
A: freezing attack, boosted hp, almost no armour, amphibious, 8 rings, large,
(camouflage 1), (gelatinous body 1), (nimble swimmer 1), (tentacles)
a: End Transformation, Renounce Religion, Potion Petition, Call Merchant, Bribe
Branch


You were on level 2 of the Orcish Mines.
You worshipped Gozag.
Gozag was most pleased with you.
You were a creature of crystalline ice.
You visited 4 branches of the dungeon, and saw 23 of its levels.

You collected 7117 gold pieces.
You spent 1224 gold pieces at shops.
You paid 1243 gold pieces to Gozag.

Inventory:

Hand Weapons
 b - the +27 heavy crossbow "Sniper" (melded) {heavy, Acc+∞ SInv}
   (You found it on level 5 of the Lair of Beasts)

   Acc+∞: It never misses its target.
   SInv:      It lets you see invisible.
Missiles
 f - 176 stones
 u - 4 boomerangs
Jewellery
 g - a +5 ring of evasion (left front paw)
 i - a +5 ring of evasion (on tentacle)
 j - an amulet of guardian spirit (around neck)
 s - a ring of flight (right front paw)
 x - a ring of willpower
 y - a +4 ring of protection (on tentacle)
 Q - a +5 ring of evasion (on tentacle)
 S - the ring of Udikkeh (on tentacle) {rN+ Str+2 Dex+3 Stlth+}
   (You found it on level 5 of the Lair of Beasts)

   [ring of positive energy]

   Str:       It affects your strength (+2).
   Dex:       It affects your dexterity (+3).
   rN:        It protects you from negative energy.
   Stlth:     It makes you more stealthy.
 T - an amulet of the acrobat
 U - a ring of wizardry (on tentacle)
 V - a +4 ring of protection (on tentacle)
Wands
 q - a wand of mindburst (13)
 t - a wand of iceblast (33)
 G - a wand of digging (6)
 H - a wand of flame (53)
 L - a wand of light (8)
 M - a wand of paralysis (4)
Scrolls
 a - 3 scrolls of amnesia
 c - 6 scrolls of enchant armour
 h - 10 scrolls of teleportation
 l - 3 scrolls of immolation
 m - 7 scrolls of enchant weapon
 n - 7 scrolls of fog
 w - 2 scrolls of summoning
 A - 2 scrolls of torment
 C - 12 scrolls of identify
 E - a scroll of fear
 F - a scroll of poison
 K - 2 scrolls of blinking
 P - a scroll of vulnerability
Potions
 d - 4 potions of might
 e - 3 potions of ambrosia
 k - 5 potions of flight
 p - 5 potions of haste
 r - 3 potions of resistance
 v - a potion of heal wounds
 z - 2 potions of brilliance
 B - 4 potions of attraction
 D - 5 potions of berserk rage
 J - 4 potions of curing
 O - 4 potions of magic
 R - 8 potions of lignification


   Skills:
 + Level 11.8 Fighting
 + Level 11.7 Dodging
 - Level 10.0 Stealth
 + Level 12.0 Unarmed Combat
 + Level 9.8 Spellcasting
 + Level 5.3 Summonings
 + Level 12.0 Transmutations
 + Level 8.4 Ice Magic


You had 26 spell levels left.
You knew the following spells:

 Your Spells              Type           Power      Damage    Failure   Level
a - Beastly Appendage     Tmut           100%       N/A       1%          1
b - Wereblood             Tmut           59%        N/A       1%          2
c - Ice Form              Ice/Tmut       54%        N/A       1%          4

Your spell library contained the following spells:

 Spells                   Type           Power      Damage    Failure   Level
 Summon Small Mammal      Summ           100%       N/A       1%          1
 Call Canine Familiar     Summ           34%        N/A       1%          3
 Ozocubu's Armour         Ice            48%        N/A       1%          3
 Spider Form              Tmut/Pois      37%        N/A       1%          3
 Shock                    Conj/Air       40%        1d5       2%          1
 Summon Guardian Golem    Hex/Summ       22%        N/A       2%          3
 Cigotuvi's Dreadful Rot  Necr/Pois/Air  20%        N/A       4%          2
 Poisonous Vapours        Pois/Air       20%        N/A       4%          2
 Scorch                   Fire           20%        2d6       4%          2
 Mephitic Cloud           Conj/Pois/Air  10%        N/A       8%          3
 Swiftness                Air            10%        N/A       8%          3
 Metabolic Englaciation   Hex/Ice        14%        N/A       12%         5
 Airstrike                Air            5%         2d(1-17)  24%         4
 Flame Wave               Conj/Fire      10%        2d6       24%         4
 Summon Cactus Giant      Summ           17%        N/A       38%         6
 Arcjolt                  Conj/Air       5%         1d15      52%         5
 Borgnjor's Vile Clutch   Necr/Erth      5%         N/A       52%         5
 Iskenderun's Battlesphe  Conj           10%        2d6       52%         5
 Ozocubu's Refrigeration  Ice            24%        4d12      52%         7
 Death Channel            Necr           5%         N/A       97%         6
 Iron Shot                Conj/Erth      5%         9d2       97%         6
 Haunt                    Necr/Summ      11%        N/A       99%         7
 Spellforged Servitor     Conj/Summ      11%        N/A       99%         7
 Borgnjor's Revivificati  Necr           5%         N/A       100%        8
 Infestation              Necr           5%         N/A       100%        8
 Necromutation            Tmut/Necr      18%        N/A       100%        8
 Death's Door             Necr           5%         N/A       100%        9
 Animate Dead             Necr           Unusable   N/A       N/A         4
 Simulacrum               Ice/Necr       Unusable   N/A       N/A         6

Dungeon Overview and Level Annotations

Branches:
Dungeon (15/15)            Temple (1/1) D:5            Lair (5/5) D:10
  Swamp (0/4) Lair:2       Spider (0/4) Lair:3        Slime (0/5) Lair:5
    Orc (2/2) D:12            Elf (0/3) Orc:2        Vaults (0/5) D:14
 Depths (0/4) D:15

Altars:
Ashenzari
Cheibriados
Dithmenos
Elyvilon
Fedhas
Gozag
Hepliaklqana
Kikubaaqudgha
Makhleb
Nemelex Xobeh
Okawaru
Qazlal
Ru
Sif Muna
Trog
Uskayaw
Vehumet
Wu Jian
Xom
Yredelemnul
Zin
The Shining One
Jiyva

Shops:
D:1 =   D:5 (   D:10 [   D:14 [   D:15 [=

Annotations:
Orc:2 Jorgrun


Innate Abilities, Weirdness & Mutations

You are a creature of crystalline ice.
You have a powerful freezing melee attack.
Your maximum health is increased.
Your armour is entirely melded.
You are incapable of wielding weapons or throwing items.
You cannot wear most types of armour.
You are amphibious.
You can wear up to eight rings at the same time.
((Your skin changes colour to match your surroundings (Stealth+).))
((Your rubbery body absorbs attacks. (AC +1, EV +1)))
((You are camouflaged when in or above water. (Stealth+)))
((You have tentacles for arms and can constrict up to eight enemies at once.))


Message History

An orc comes into view.
It is wielding a +0 dagger of protection.
An orc comes into view. It is wielding a +0 flail.
You hear some strange, mumbled words.
Jorgrun is no longer distracted by gold.
Jorgrun resists with almost no effort.
You see here a +0 club.
An orc comes into view. It is wielding a +0 mace.
An orc comes into view. It is wielding a +0 club.
The orc priest closely misses you. Something barely misses you.
The orc warrior closely misses you.
A magic dart appears from out of thin air!
The magic dart hits the orc priest but does no damage.
You're too confused to move!
Jorgrun shouts!
The orc shouts! x2
You feel less confused. Jorgrun misses you.
You howl as the wereblood boils in your veins!
The orc priest calls down the wrath of Beogh upon you.
Jorgrun resists with almost no effort.
You howl as the wereblood boils in your veins!
Jorgrun shouts!
You hear a shout!
You flicker for a moment.
Jorgrun points at something and mumbles some strange words.
You resist with significant effort.
Jorgrun says, "I've ne'er se'n tha particular type o' rock formation 'fore."
You flicker back into view.
Jorgrun gestures at you while chanting. You resist with significant effort.
Jorgrun casts a spell at you.
Roots burst forth from the earth!
The grasping roots grab you! The grasping roots constrict you.
* * * LOW HITPOINT WARNING * * *
The roots grasp on you weakens, but your attempt to escape fails.
The orc priest invokes the aid of Beogh against you.
Pain shoots through your body!
Jorgrun points at you and mumbles some strange words.
You shatter!!!
You die...
Your body crumbles into a pile of gold.

#............ ###
##....o.o..... ##.# #####
#......o...... #...
##.#.####.#.#.#......
##.###......###...#.......
######...#........##.o##.......
#.#.#.......##.#.##o...........
........##.##.###..g..#........
#.#...........Y......#.........
###...........................
##.#....###################....
##......### . #...#.....#
##..##....# ##.........#
#..........# ......##...#


You could see Jorgrun and 2 orc priests.

Vanquished Creatures
  Kirke (Lair:3)
  Louise (D:14)
  3 dire elephants (Lair:5)
  Azrael (Orc:2)
  An entropy weaver (shapeshifter) (D:15)
  5 hydras
  4 vault guards
  5 centaur warriors
  A catoblepas (Lair:5)
  2 boulder beetles
  An ogre mage (D:15)
  11 two-headed ogres
  4 death yaks (Lair:5)
  2 tengu warriors (D:15)
  A vampire mage (D:15)
  Nergalle (D:10)
  A skyshark (Lair:4)
  A spectral anaconda (Lair:5)
  A skeletal warrior (D:14)
  An obsidian statue (Lair:5)
  A lindwurm (Lair:5)
  An orc knight (Orc:1)
  5 necromancers
  2 wizards
  2 deep elf pyromancers
  2 orc sorcerers
  4 cyclopes
  An oklob plant (D:11)
  A manticore (D:6)
  5 ugly things (D:15)
  Maurice (D:10)
  7 elephants
  8 cane toads
  3 black mambas
  2 gargoyles
  An unseen horror (D:12)
  3 rime drakes
  4 kobold demonologists
  A dire elephant skeleton (Lair:5)
  2 freezing wraiths (D:15)
  An efreet (D:14)
  13 komodo dragons
  3 trolls
  A hornet (D:9)
  A polar bear (Lair:3)
  3 meliai (D:14)
  Grinder (D:6)
  A tarantella (shapeshifter) (D:12)
  11 blink frogs
  A centaur simulacrum (D:14)
  A shadow (D:10)
  22 slime creatures
  60 yaks
  A water elemental (D:15)
  7 wyverns
  Grum (Lair:1)
  3 fire elementals (Orc:1)
  3 vampires
  2 wraiths
  4 basilisks
  5 hogs
  2 death yak simulacra (Lair:5)
  2 steam dragons
  Menkaure (D:4)
  6 vampire mosquitoes
  A spectral cane toad (Lair:5)
  5 wargs
  4 acid dragons
  Duvessa (D:6)
  16 water moccasins
  A hell hound (Orc:2)
  12 orc warriors
  2 ice beasts
  A sky beast (D:6)
  2 black bears
  4 ogres
  11 wolves
  4 elephant skeletons (Lair:5)
  7 centaurs
  5 kobold brigands
  A phantom (D:4)
  10 bullfrogs
  A gnoll sergeant (D:7)
  6 scorpions
  Dowan (D:6)
  3 killer bees
  An elephant simulacrum (Lair:5)
  An electric eel (Lair:3)
  A howler monkey (D:2)
  7 crimson imps (D:9)
  2 quasits
  4 jellies
  7 hounds
  12 orc priests
  Crazy Yiuf (D:7)
  A gnoll bouda (D:5)
  4 sleepcaps
  Jessica (D:2)
  7 iguanas
  16 orc wizards
  12 gnolls
  7 adders
  5 shadow imps
  11 white imps
  10 ufetubi
  2 worms
  2 dart slugs
  61 orcs
  5 ball pythons
  7 bats
  8 endoplasms
  5 giant cockroaches
  5 goblins
  10 hobgoblins
  10 jackals
  22 kobolds
  2 quokkas
  4 frilled lizards
  3 rats
614 creatures vanquished.

Vanquished Creatures (others)
  An elephant (Lair:5)
  An orc (Orc:1)
  A bush (Lair:3)
  12 demonic plants (D:7)
  61 fungi
  74 plants
  21 withered plants (Lair:5)
171 creatures vanquished.

Grand Total: 785 creatures vanquished

Notes
Turn   | Place    | Note
-------+----------+-------------------------------------------
     0 | D:1      | mandoloar the Octopode Transmuter began the quest for the
                  | Orb.
     0 | D:1      | Reached XP level 1. HP: 13/13 MP: 3/3
   214 | D:1      | Found Fofujul's Jewellery Boutique.
   267 | D:1      | Reached skill level 1 in Stealth
   267 | D:1      | Reached XP level 2. HP: 11/18 MP: 3/5
  1345 | D:2      | Found a shimmering blue altar of Sif Muna.
  1384 | D:2      | Reached XP level 3. HP: 23/23 MP: 4/6
  1457 | D:2      | Learned a level 2 spell: Wereblood
  1719 | D:2      | Noticed Jessica
  1731 | D:2      | Killed Jessica
  1732 | D:2      | Reached XP level 4. HP: 24/29 MP: 5/7
  1754 | D:2      | Learned a level 4 spell: Ice Form
  2564 | D:3      | Reached XP level 5. HP: 34/34 MP: 8/8
  3036 | D:3      | Found a sacrificial altar of Ru.
  3112 | D:3      | Noticed a fire elemental
  3115 | D:3      | Found a stormy altar of Qazlal.
  3116 | D:3      | Noticed an air elemental
  3116 | D:3      | Noticed a water elemental
  3313 | D:3      | Found a bloodstained altar of Trog.
  3611 | D:3      | Reached skill level 1 in Ice Magic
  3999 | D:4      | Reached XP level 6. HP: 41/41 MP: 5/9
  4211 | D:4      | Found a snail-covered altar of Cheibriados.
  4544 | D:4      | Noticed Menkaure
  4577 | D:4      | Killed Menkaure
  4578 | D:4      | Reached XP level 7. HP: 10/46 MP: 2/10
  5058 | D:5      | Entered Level 5 of the Dungeon
  5527 | D:5      | Found a staircase to the Ecumenical Temple.
  5547 | Temple   | Entered the Ecumenical Temple
  5552 | Temple   | Became a worshipper of Gozag Ym Sagoz the Greedy
  5886 | Temple   | HP: 2/46 [poisoned by a gnoll]
  6276 | D:5      | Found a large runed translucent door.
  6276 | D:5      | Found a large runed translucent door.
  6285 | D:5      | Reached XP level 8. HP: 53/53 MP: 9/11
  6319 | D:5      | Reached skill level 5 in Stealth
  6753 | D:5      | Reached skill level 5 in Unarmed Combat
  6940 | D:5      | Found Acumn's Antique Weapon Boutique.
  7100 | D:5      | Found a hazy altar of Hepliaklqana.
  7203 | D:5      | Found a burning altar of Makhleb.
  7606 | D:6      | Noticed Grinder
  7783 | D:6      | Reached skill level 5 in Transmutations
  7789 | D:6      | Reached XP level 9. HP: 50/59 MP: 10/12
  8334 | D:6      | Noticed a manticore
  8452 | D:6      | Reached skill level 5 in Dodging
  8572 | D:6      | Killed a manticore
  8573 | D:6      | Reached skill level 5 in Fighting
  8745 | D:6      | Identified the +7 mace of Asey {heavy, rPois Will++}
  8979 | D:6      | Reached skill level 5 in Ice Magic
  9306 | D:6      | Reached XP level 10. HP: 68/68 MP: 3/13
  9798 | D:6      | Killed Grinder
  9839 | D:6      | Upgraded the game from 0.30-a0-989-g0d87f670db to
                  | 0.30-a0-996-ga6910c8ee8
 10315 | D:7      | Noticed Dowan
 10315 | D:7      | Noticed Duvessa
 10374 | D:6      | Killed Duvessa
 10376 | D:6      | Killed Dowan
 10449 | D:7      | Found a basalt altar of Yredelemnul.
 11215 | D:7      | Found a runed translucent door.
 11216 | D:7      | Noticed Crazy Yiuf
 11229 | D:7      | Killed Crazy Yiuf
 11781 | D:8      | Found a shadowy altar of Dithmenos.
 12472 | D:8      | Reached XP level 11. HP: 74/74 MP: 6/16
 13411 | D:9      | Noticed a +0 short sword
 13412 | D:9      | Noticed a +0 dagger
 13413 | D:9      | Noticed a +0 falchion
 13413 | D:9      | Noticed a +0 falchion
 13413 | D:9      | Noticed a +0 short sword
 13413 | D:9      | Noticed a +0 spear
 13413 | D:9      | Noticed a +0 spear
 13413 | D:9      | Noticed a +0 dagger
 13419 | D:9      | Found a hide-covered altar of Uskayaw.
 13703 | D:9      | Got Cufistic's Guidebook on the Storm
 13783 | D:9      | Reached skill level 10 in Stealth
 14396 | D:10     | Entered Level 10 of the Dungeon
 14694 | D:10     | Found Jaef Vem's Antique Armour Shop.
 14840 | D:10     | Reached skill level 5 in Spellcasting
 14866 | D:10     | Noticed a two-headed ogre
 14900 | D:10     | Killed a two-headed ogre
 15416 | D:10     | HP: 1/91 [slime creature (8)]
 15851 | D:10     | Reached XP level 12. HP: 82/82 MP: 15/20
 15881 | D:10     | Found a staircase to the Lair.
 15892 | D:10     | Noticed a two-headed ogre
 15901 | D:10     | Killed a two-headed ogre
 15993 | D:10     | Noticed Nergalle
 16009 | D:10     | Killed Nergalle
 16067 | D:10     | Noticed Maurice
 16077 | D:10     | Killed Maurice
 16436 | Lair:1   | Entered Level 1 of the Lair of Beasts
 16571 | Lair:1   | Noticed Grum
 16612 | Lair:1   | Killed Grum
 17084 | Lair:1   | Noticed an eight-headed hydra
 17101 | Lair:1   | Killed an eight-headed hydra
 17884 | Lair:2   | Noticed a seven-headed hydra
 18107 | Lair:1   | Killed a seven-headed hydra
 18975 | Lair:2   | Found a staircase to the Swamp.
 19696 | Lair:3   | Reached XP level 13. HP: 90/90 MP: 18/23
 20211 | Lair:3   | Noticed Kirke
 20219 | Lair:3   | Noticed a sphinx
 20222 | Lair:3   | Killed Kirke
 20248 | Lair:3   | Found a hole to the Spider Nest.
 20543 | Lair:3   | Identified the +8 spear "Oshieb" {holy, Dex+3}
 20635 | Lair:3   | Reached skill level 10 in Unarmed Combat
 21768 | Lair:4   | Reached skill level 10 in Transmutations
 22343 | Lair:4   | Reached skill level 10 in Dodging
 22712 | Lair:4   | Reached skill level 10 in Fighting
 23144 | Lair:5   | Entered Level 5 of the Lair of Beasts
 23963 | Lair:4   | Reached XP level 14. HP: 99/99 MP: 18/26
 24302 | Lair:5   | Found a viscous altar of Jiyva.
 24303 | Lair:5   | Found a staircase to the Slime Pits.
 24440 | Lair:5   | Noticed a dire elephant
 24440 | Lair:5   | Noticed a dire elephant
 24440 | Lair:5   | Noticed a dire elephant
 24443 | Lair:5   | Found the +27 heavy crossbow "Sniper" {heavy, Acc+∞ SInv}
 24612 | Lair:5   | Reached skill level 1 in Summonings
 24754 | Lair:5   | Identified the +0 ring mail of Fuzzy Happiness {rPois rCorr
                  | Str+7 Int-2}
 24981 | Lair:5   | Killed a dire elephant
 25415 | Lair:5   | Killed a dire elephant
 25573 | Lair:5   | Identified the ring of Udikkeh {rN+ Str+2 Dex+3 Stlth+}
 25801 | Lair:5   | Killed a dire elephant
 26387 | D:11     | Found a blossoming altar of Fedhas.
 27580 | D:12     | Found a staircase to the Orcish Mines.
 28260 | D:12     | You are sucked into a shaft and drop 2 floors!
 28260 | D:14     | Found Fibbi's Antique Armour Boutique.
 29537 | D:13     | Identified the +0 chain mail "Nybiela" {Slay+2}
 29629 | D:14     | Found a gate to the Vaults.
 29799 | D:13     | Reached XP level 15. HP: 84/106 MP: 14/28
 31260 | D:14     | Noticed Louise
 31267 | D:14     | Killed Louise
 31630 | D:15     | Entered Level 15 of the Dungeon
 32449 | D:15     | Found a staircase to the Depths.
 32853 | D:15     | Reached skill level 5 in Summonings
 33373 | D:15     | Bought a +5 ring of evasion for 612 gold pieces
 33373 | D:15     | Bought a +4 ring of protection for 612 gold pieces
 33736 | Orc:1    | Entered Level 1 of the Orcish Mines
 34303 | Orc:2    | Entered Level 2 of the Orcish Mines
 34344 | Orc:2    | Noticed Azrael
 34634 | Orc:2    | Killed Azrael
 34763 | Orc:2    | Found a staircase to the Elven Halls.
 34774 | Orc:2    | Noticed Jorgrun
 34826 | Orc:2    | Killed from afar by Jorgrun

Illustrated notes

Levels and vault maps discovered:
D:1:      kilobyte_arrival_exit_the_forest, layout_basic, serial_shops,
          nicolae_shop_hallway_plus
D:2:      layout_loops_corners, basic_altar, chequers_big_river, uniq_jessica
D:3:      layout_basic, mainiacjoe_overflow_paths,
          mainiacjoe_overflow_small_starburst, nicolae_qazlal_style_of_elements
D:4:      layout_loops_ring, nicolae_overflow_crystal_walls, uniq_menkaure
D:5:      layout_loops_ring, jmf_multi_god_temple2, minmay_temple_entry_tees,
          serial_shops, shop, nicolae_underground_beach
D:6:      minmay_clustersquares, layout_loops_ring, minmay_checkerbox,
          uniq_grinder
D:7:      layout_cave_pools, kennysheep_mini, serial_demonic, serial_demonic_c,
          serial_demonic_g, serial_demonic_b, serial_demonic_f,
          serial_demonic_a, serial_demonic_c, serial_demonic_g,
          serial_demonic_a, serial_demonic_e, serial_demonic_a,
          due_unseen_surprise, uniq_duvessa, uniq_crazy_yiuf_cottage
D:8:      layout_basic, mainiacjoe_overflow_concentric_impassable
D:9:      layout_small_grid, nicolae_uskayaw_en_pointe, kennysheep_minor_cross,
          minmay_nine_imps
D:10:     layout_basic, due_lair_maze_entry_diamond, serial_shops,
          nicolae_square_shop, uniq_maurice, uniq_nergalle
D:11:     layout_cave_pools, hangedman_decor_slide_cut, tgw_fedhas
D:12:     layout_loops_ring, david_orc_3
D:13:     layout_basic, minmay_misc_feat_five, st_stairs_14
D:14:     layout_roguey, lightli_vaults_fourway_checkpoint,
          nicolae_take_the_stairs, grunt_ogre_cave, grunt_ministairs_4,
          uniq_louise
D:15:     hangedman_depths_entry_civil_slaughter, layout_basic,
          portal_ice_cave_entry_frozen_things, nrook_campfire,
          fungi_pond_lemuel, nzn_life_drinkers
Temple:   nicolae_temple_ecumenical_triangle
Lair:1:   layout_regular_city, uniq_grum
Lair:2:   statuecave_lemuel, layout_gridlike, swamp_mist, enter_volcano_4,
          grunt_megastairs_3
Lair:3:   layout_hall_layers, dummy_spider_entry, minmay_hedge_maze,
          chequers_serial_rivers_micro_c, st_stairs_7,
          nicolae_quartered_pool_medium, lemuel_fruit_fields, uniq_kirke
Lair:4:   layout_regular_city
Lair:5:   due_jungle_book, layout_regular_city, nicolae_slime_entry_slimehenge,
          serial_bayou_shore_a, grunt_megastairs_4
Orc:1:    layout_caves, nicolae_orc_pool_cavern
Orc:2:    st_orc_elflike, layout_caves, uniq_azrael, uniq_jorgrun

Skill      XL: |  1  2  3  4  5  6  7  8  9 10 11 12 13 14 15 |
---------------+----------------------------------------------+-----
Stealth        | 1 2 3 4 6 8 9 10 | 10.0
Fighting       | 2 3 4 5 6 7 9 10 11 | 11.8
Transmutations | 3 4 5 6 7 8 9 10 11 12 | 12.0
Ice Magic      | 1 2 4 5 6 7 8 |  8.4
Dodging        | 3 4 5 6 8 9 10 11 | 11.7
Unarmed Combat | 4 5 6 7 8 9 10 11 12 | 12.0
Spellcasting   | 3 5 6 8 9 |  9.8
Summonings     | 3 5 |  5.3

Action                     |  1- 3 |  4- 6 |  7- 9 | 10-12 | 13-15 || total
---------------------------+-------+-------+-------+-------+-------++-------
  Melee: Unarmed           |    58 |   113 |   257 |   617 |   891 ||  1936
         Kick              |    18 |    44 |    70 |     3 |       ||   135
         Tentacles         |    14 |    21 |    41 |     3 |       ||    79
         Constrict         |    13 |    25 |    40 |     3 |       ||    81
         Punch             |     1 |     1 |     6 |     2 |       ||    10
   Fire: Heavy crossbow    |       |       |       |       |   123 ||   123
  Throw: Stone             |     5 |     6 |     6 |    12 |     7 ||    36
   Cast: Beastly Appendage |    24 |    32 |    38 |     4 |     1 ||    99
         Wereblood         |       |     2 |     3 |    53 |    57 ||   115
         Ice Form          |       |       |    19 |    75 |    94 ||   188
 Invoke: Call Merchant     |       |       |       |       |     2 ||     2
Ability: End Transformatio |       |       |       |       |     6 ||     6
    Use: Scroll            |     3 |    12 |     1 |    12 |     3 ||    31
         Potion            |       |       |       |     3 |     3 ||     6
   Stab: Sleeping          |     4 |    12 |     8 |     5 |     3 ||    32
         Distracted        |       |       |     4 |     2 |     3 ||     9
 Armour: Skin              |     5 |     3 |    40 |   199 |   218 ||   465
  Dodge: Dodged            |    42 |    73 |   224 |   531 |  1019 ||  1889

Table legend: (Time is in decaauts)
 A = Elapsed time spent in this place.
 B = Non-inter-level travel time spent in this place.
 C = Inter-level travel time spent in this place.
 D = Time resting spent in this place.
 E = Time spent auto-exploring this place.
 F = Levels seen in this place.
 G = Mean time per level.
                   A        B        C        D        E       F      G
               +--------+--------+--------+--------+--------+-----+--------+
         Total |  34933 |  32946 |   1987 |   7618 |  18372 |  23 | 1518.8 |
       Dungeon |  23928 |  22371 |   1557 |   5612 |  12150 |  15 | 1595.2 |
        Temple |    428 |    423 |      5 |    321 |     77 |   1 |  428.0 |
          Lair |   9411 |   9005 |    406 |   1446 |   5589 |   5 | 1882.2 |
  Orcish Mines |   1166 |   1148 |     18 |    239 |    556 |   2 |  583.0 |
               +--------+--------+--------+--------+--------+-----+--------+

Top non-repeatable levels by time:
     D:6: 2743 daAuts
  Lair:5: 2619 daAuts
    D:13: 2110 daAuts
    D:15: 2007 daAuts
    D:10: 1991 daAuts
  Lair:4: 1956 daAuts
  Lair:3: 1752 daAuts
     D:9: 1733 daAuts
     D:4: 1674 daAuts
  Lair:1: 1623 daAuts
     D:5: 1593 daAuts
     D:8: 1575 daAuts
  Lair:2: 1459 daAuts
     D:7: 1373 daAuts
     D:2: 1285 daAuts
